 Dungeon Crawl Stone Soup version 0.21.1-1-g345015f (webtiles) character file.

1330 Monsterracer the Martial Artist (level 8, -2/66 HPs)
             Began as a Purple Draconian Venom Mage on Feb 9, 2018.
             Slain by a killer bee (7 damage)
             ... on level 7 of the Dungeon.
             The game lasted 00:10:22 (8486 turns).

Monsterracer the Martial Artist (DrVM)              Turns: 8486, Time: 00:10:23

Health: -2/66      AC:  7    Str: 10    XL:     8   Next: 34%
Magic:  12/12      EV: 11    Int: 17    God:
Gold:   350        SH:  0    Dex: 13    Spells: 1/13 levels left

rFire    . . .     SeeInvis .     - Unarmed
rCold    . . .     Gourm    .   (no shield)
rNeg     . . .     Faith    .   (armour unavailable)
rPois    .         Spirit   .   (helmet restricted)
rElec    .         Reflect  .   (no cloak)
rCorr    .         Harm     .   j - +0 pair of gloves
MR       +....                  (no boots)
Stlth    ++........             (no amulet)
HPRegen  0.21/turn              h - ring of wizardry
MPRegen  0.13/turn              g - -3 ring of evasion (curse)

@: lethally poisoned (-2 -> -16)
A: breathe power, unfitting armour, cold-blooded, AC +6
a: Breathe Dispelling Energy


You were on level 7 of the Dungeon.
You were not hungry.

You visited 1 branch of the dungeon, and saw 7 of its levels.

You collected 350 gold pieces.

Inventory:

Armour
 j - a +0 pair of gloves (worn)
Jewellery
 a - an uncursed ring of protection from cold {!d}
 g - a cursed -3 ring of evasion (right hand)
 h - a ring of wizardry (left hand)
 i - an uncursed ring of protection from cold {!d}
Scrolls
 d - a scroll of amnesia
 e - 2 scrolls of blinking
 l - 2 scrolls of teleportation
Potions
 f - 4 potions of might
 k - a potion of haste
 m - 2 potions of resistance
 n - 2 potions of invisibility
 o - 3 potions of lignification
 p - a potion of flight
 r - 2 potions of heal wounds
Books
 b - a book of Changes

   Spells                             Type                      Level
   a - Beastly Appendage              Transmutation                1
   b - Sticks to Snakes               Transmutation                2
   c - Spider Form                    Transmutation/Poison         3
   d - Ice Form                       Ice/Transmutation            4
   e - Blade Hands                    Transmutation                5
Comestibles
 c - 7 rations


   Skills:
 + Level 4.0 Fighting
 + Level 3.9 Dodging
 - Level 1.7 Stealth
 * Level 8.0 Unarmed Combat
 - Level 3.0 Spellcasting
 - Level 1.0 Conjurations
 * Level 2.0 Transmutations
 - Level 3.0 Poison Magic


You had one spell level left.
You knew the following spells:

 Your Spells              Type           Power        Failure   Level  Hunger
a - Poisonous Vapours     Pois/Air       #.....       6%          2    ##.....
b - Conjure Flame         Conj/Fire      #.......     16%         3    ###....
d - Blade Hands           Tmut           #.........   58%         5    ######.
e - Blink                 Tloc           N/A          11%         2    ##.....


Dungeon Overview and Level Annotations

Branches:
Dungeon (7/15)
 Temple: D:4-7

Altars:
Dithmenos
Elyvilon
Fedhas
Gozag
Kikubaaqudgha
Nemelex Xobeh
Ru
Sif Muna
Trog
Yredelemnul
Zin
The Shining One


Innate Abilities, Weirdness & Mutations

You can breathe bolts of dispelling energy.
Your rich purple scales are hard. (AC +6)
You cannot fit into any form of body armour.
You are cold-blooded and may be slowed by cold attacks.


Message History

You take 3 damage, and have 54/66 hp.
The gnoll sergeant shouts!
You hit the gnoll.
You tail-slap the gnoll, but do no damage.
The gnoll is lightly wounded.
You hear a shout!
The gnoll hits you from afar with a spear of piercing.
The gnoll closely misses you.
You take 3 damage, and have 51/66 hp.
You barely miss the gnoll.
The gnoll is lightly wounded.
The gnoll closely misses you. The gnoll barely misses you.
You hit the gnoll.
The gnoll is lightly wounded.
The gnoll closely misses you.
You hit the gnoll.
The gnoll is heavily wounded.
The gnoll hits you with a halberd.
The gnoll hits you from afar with a spear of piercing.
You take 7 damage, and have 44/66 hp.
You hit the gnoll.
The gnoll is severely wounded.
The gnoll closely misses you.
The orc priest invokes the aid of Beogh against you.
Beogh smites you!
* * * LOW HITPOINT WARNING * * *
You take 13 damage, and have 31/66 hp.
The gnoll hits you from afar with a halberd.
* * * LOW HITPOINT WARNING * * *
There is a stone staircase leading up here.
You take 6 damage, and have 25/66 hp.
You climb upwards.
There is a stone staircase leading down here.
There is an open door here.
There is an open door here.
There is a stone staircase leading down here.
You regained 9 hp, and now have 34/66 hp.
You eat one of the 8 rations.
That ration really hit the spot!
You start resting.
HP restored.
Health restored: 66 You climb downwards.
Found a potion of might.
There is a stone staircase leading up here.
f - 4 potions of might (gained 1)
Found a stone staircase leading down.
A leopard gecko comes into view.
Found a dented ruby amulet and a scroll of enchant armour.
A water moccasin comes into view.
The helpless leopard gecko fails to defend itself.
You punch the leopard gecko!
You kill the leopard gecko!
A killer bee comes into view. 2 killer bees come into view.
The killer bee buzzes angrily. x2
Found a white marble altar of Elyvilon.
The killer bee barely misses you.
Found a glowing soapstone amulet.
You see here a dented ruby amulet.
You punch the water moccasin!
The water moccasin is moderately wounded.
The killer bee barely misses you. The killer bee stings you.
You are poisoned.
The killer bee poisons you! The water moccasin bites you.
You are more poisoned.
The water moccasin poisons you!
You take 3 damage, and have 63/66 hp.
You miss the water moccasin.
The water moccasin is moderately wounded.
You feel sick. The killer bee stings you! The killer bee barely misses you.
The killer bee stings you. The water moccasin bites you.
You take 13 damage, and have 50/66 hp.
You feel sick.
The killer bee stings you but does no damage.
The killer bee closely misses you. The killer bee stings you.
You are more poisoned.
The killer bee poisons you!
You take 3 damage, and have 47/66 hp.
You feel sick.
The killer bee stings you but does no damage.
The water moccasin closely misses you. The killer bee stings you!
You take 12 damage, and have 35/66 hp.
You feel sick. The killer bee stings you.
* * * LOW HITPOINT WARNING * * *
The killer bee stings you!
* * * LOW HITPOINT WARNING * * *
The killer bee stings you but does no damage.
Found an ancient bone altar of Kikubaaqudgha.
You take 9 damage, and have 26/66 hp.
You feel sick. The killer bee stings you.
* * * LOW HITPOINT WARNING * * *
The killer bee stings you but does no damage.
The killer bee stings you!
* * * LOW HITPOINT WARNING * * *
You take 12 damage, and have 14/66 hp.
* * * LOW HITPOINT WARNING * * *
You feel sick. The killer bee stings you!
* * * LOW HITPOINT WARNING * * *
The killer bee stings you!
You die...

######### #.......# ####
#.......##### #...
#...........# #.##
...........y##############.#
..........Sy@..........>##.#
#......"...y########.##.##.#
#......?....# #.##.##.#
#........#### #.##....#
########.# #.####### ... #.#
...." #.# ...... #.#
_..._.+# #.#


You could see a water moccasin and 3 killer bees.

Vanquished Creatures
  Sigmund (D:2)
  The ghost of tidbits the Charmwright, an amateur GnSk (D:5)
  An ogre (D:6)
  A bullfrog (D:6)
  A scorpion (D:4)
  2 jellies (D:6)
  2 crimson imps (D:6)
  A quasit (D:5)
  3 hounds
  3 orc priests
  5 orc wizards
  A centaur skeleton (D:3)
  An iguana (D:6)
  2 worker ants
  Terence (D:1)
  9 adders
  4 gnolls
  A shadow imp (D:3)
  An ooze (D:5)
  An adder skeleton (D:4)
  A worm (D:2)
  3 leopard geckos
  19 orcs
  4 giant cockroaches
  6 hobgoblins
  5 jackals
  5 quokkas
  A ball python (D:1)
  12 bats
  4 frilled lizards
  2 goblins
  A jackal skeleton (D:4)
  6 kobolds
  A leopard gecko skeleton (D:6)
  2 quokka skeletons (D:4)
  2 rats
116 creatures vanquished.

Notes
Turn   | Place    | Note
-------+----------+-------------------------------------------
     0 | D:1      | Monsterracer the Draconian Venom Mage began the quest for the Orb.
     0 | D:1      | Reached XP level 1. HP: 14/14 MP: 3/3
   326 | D:1      | Reached skill level 1 in Unarmed Combat
   600 | D:1      | Reached XP level 2. HP: 20/20 MP: 5/5
   939 | D:2      | Reached skill level 2 in Unarmed Combat
   945 | D:2      | HP: 10/20 [adder (2)]
   950 | D:2      | HP: 2/20 [kobold/short sword (3)]
  1341 | D:2      | Reached XP level 3. HP: 21/26 MP: 6/6
  1468 | D:2      | Learned a level 2 spell: Blink
  1472 | D:2      | Learned a level 3 spell: Conjure Flame
  1487 | D:2      | Noticed Sigmund
  1508 | D:2      | HP: 13/26 [something (1)]
  1513 | D:2      | HP: 11/26 [poisoned by an adder]
  1517 | D:1      | HP: 5/26 [adder (4)]
  1524 | D:1      | HP: 4/26 [poisoned by an adder]
  1525 | D:1      | Reached skill level 3 in Unarmed Combat
  1810 | D:2      | Noticed Terence
  1826 | D:1      | Killed Terence
  1889 | D:2      | Reached XP level 4. HP: 32/33 MP: 7/7
  2098 | D:2      | Killed Sigmund
  2098 | D:2      | Reached skill level 5 in Unarmed Combat
  2098 | D:2      | Reached XP level 5. HP: 30/38 MP: 1/8
  2315 | D:2      | Found a deep blue altar of Sif Muna.
  2351 | D:2      | Found a bloodstained altar of Trog.
  2444 | D:2      | Found a glowing silver altar of Zin.
  2655 | D:3      | Reached XP level 6. HP: 38/46 MP: 4/9
  2825 | D:3      | Found a sparkling altar of Nemelex Xobeh.
  2828 | D:3      | Found a shadowy altar of Dithmenos.
  2831 | D:3      | Found a basalt altar of Yredelemnul.
  2834 | D:3      | Found a sacrificial altar of Ru.
  3285 | D:3      | Reached skill level 1 in Fighting
  3292 | D:3      | Reached skill level 6 in Unarmed Combat
  3691 | D:4      | Learned a level 2 spell: Poisonous Vapours
  3713 | D:4      | Found a glowing golden altar of the Shining One.
  3961 | D:4      | HP: 20/47 [gnoll/flail (7)]
  4261 | D:4      | Found a glowing golden altar of the Shining One.
  4308 | D:4      | HP: 24/48 [scorpion (1)]
  4310 | D:4      | HP: 10/48 [poisoned by a scorpion]
  4745 | D:4      | Your scales start taking on a rich purple colour.
  4745 | D:4      | Reached XP level 7. HP: 40/55 MP: 10/10
  4753 | D:4      | HP: 27/55 [gnoll (4)]
  5179 | D:5      | Entered Level 5 of the Dungeon
  5513 | D:5      | HP: 21/56 [orc wizard/puff of frost (8)]
  5810 | D:5      | Reached skill level 7 in Unarmed Combat
  6134 | D:5      | Found a blossoming altar of Fedhas.
  6452 | D:5      | Noticed tidbits's ghost (amateur GnSk)
  6469 | D:5      | HP: 24/57 [tidbits's ghost (6)]
  6480 | D:5      | HP: 18/57 [tidbits's ghost (8)]
  6807 | D:5      | Killed tidbits's ghost
  7055 | D:6      | HP: 18/57 [ogre/giant club (13)]
  7061 | D:6      | Reached XP level 8. HP: 21/63 MP: 10/12
  7068 | D:6      | Learned a level 5 spell: Blade Hands
  7468 | D:6      | Reached skill level 1 in Transmutations
  7865 | D:6      | Reached skill level 8 in Unarmed Combat
  8045 | D:6      | Found an opulent altar of Gozag.
  8247 | D:7      | HP: 31/66 [orc priest/divine providence (13)]
  8477 | D:7      | Found a white marble altar of Elyvilon.
  8484 | D:7      | Found an ancient bone altar of Kikubaaqudgha.
  8484 | D:7      | HP: 33/66 [killer bee (1)]
  8485 | D:7      | HP: 14/66 [killer bee (7)]
  8486 | D:7      | HP: 5/66 [killer bee (7)]
  8486 | D:7      | Slain by a killer bee

Skill      XL: |  1  2  3  4  5  6  7  8 |
---------------+-------------------------+-----
Unarmed Combat | 1 2 3 5 6 7 8 |  8.0
Dodging        | 2 3 |  3.9
Fighting       | 2 3 4 |  4.0
Spellcasting   | 3 |  3.0
Transmutations | 2 |  2.0
Stealth        | |  1.7
Conjurations   | |  1.0
Poison Magic   | |  3.0

Action                   |  1- 3 |  4- 6 |  7- 9 || total
-------------------------+-------+-------+-------++-------
Melee: Unarmed           |   106 |   178 |   234 ||   518
       Tailslap          |    14 |    22 |    24 ||    60
       Punch             |     1 |     4 |     3 ||     8
 Cast: Sting             |    15 |    22 |       ||    37
       Poisonous Vapours |       |     3 |    14 ||    17
       Conjure Flame     |       |       |     2 ||     2
 Abil: Breathe Dispellin |       |       |     1 ||     1
  Use: Scroll            |       |    13 |     3 ||    16
       Potion            |       |     1 |       ||     1
 Stab: Sleeping          |     5 |     3 |     5 ||    13
  Eat: Chunk             |     2 |    10 |     5 ||    17
       Ration            |       |       |     3 ||     3
Armor: Skin              |    39 |    65 |   105 ||   209
Dodge: Dodged            |    88 |   118 |   127 ||   333

Vault maps used:
D:1:      tarquinn_simple_flora_water_d, nrook_uturn
D:2:      bloody_trog, zin_treasury, lemuel_doored_altar, uniq_terence,
          uniq_sigmund
D:3:      grunt_temple_overflow_cloverleaf
D:4:      lemuel_round_altar, first_ration, corner_web_ring, tso_metal_star
D:5:      fedhas_altar_1
D:6:      minmay_diamond_boxcup, nicolae_gozag_cash_rules_everything_around_me,
          hangedman_decor_growths
D:7:      grunt_temple_overflow_open, minmay_temple_entry_large_hall
